TOP OF THE 1ST |
Wake Forest Demon Deacons batting - Pitching for Iowa Hawkeyes : RHP Micheal Wright
|
Pitching: RHP Micheal Wright
|
|
Batting: SHB Terry Dailey
|
0-0: Ball 1-0: Swinging Strike 1-1: Ball 2-1: Fly out, F9 (Flyball, 89M)
|
Batting: RHB Thurman Strahan
|
0-0: Foul Ball, location: 2F 0-1: Ball 1-1: Foul Ball, location: 2F 1-2: Ball 2-2: Strikes out swinging
|
Batting: RHB Jesse McKnight
|
0-0: Foul Ball, location: 2F 0-1: Swinging Strike 0-2: Foul Ball, location: 2F 0-2: Strikes out looking
|
Top of the 1st over - 0 run(s), 0 hit(s), 0 error(s), 0 left on base; Wake Forest 0 - Iowa 0 |
BOTTOM OF THE 1ST |
Iowa Hawkeyes batting - Pitching for Wake Forest Demon Deacons : RHP Juan Vázquez
|
Pitching: RHP Juan Vázquez
|
|
Batting: RHB Rusty Anderson
|
0-0: Called Strike 0-1: Ball 1-1: Swinging Strike 1-2: Strikes out swinging
|
Batting: RHB Joe Zapata
|
0-0: Ball 1-0: SOLO HOME RUN (Line Drive, 8LXD), Distance : 399 ft
|
Batting: RHB Cedric Price
|
0-0: Called Strike 0-1: Ball 1-1: Called Strike 1-2: Fly out, F2 (Popup, 2RF)
|
Batting: LHB Rob Davidson
|
0-0: Ball 1-0: Called Strike 1-1: SINGLE (Groundball, 6MD)
|
Batting: SHB Júlio Valentín
|
0-0: Ball 1-0: Ball 2-0: Called Strike 2-1: Ball 3-1: Base on Balls Rob Davidson to second
|
Batting: RHB Craig Chapman
|
0-0: Called Strike 0-1: Called Strike 0-2: Ball 1-2: Hit by Pitch Rob Davidson to third Júlio Valentín to second
|
Batting: RHB José Gonzáles
|
0-0: Called Strike 0-1: Ball 1-1: Swinging Strike 1-2: Ball 2-2: Ball 3-2: Strikes out looking
|
Bottom of the 1st over - 1 run(s), 2 hit(s), 0 error(s), 3 left on base; Wake Forest 0 - Iowa 1 |
TOP OF THE 2ND |
Wake Forest Demon Deacons batting - Pitching for Iowa Hawkeyes : RHP Micheal Wright
|
Batting: RHB Jim Villiers
|
0-0: Ball 1-0: Called Strike 1-1: DOUBLE (Line Drive, 5L)
|
Batting: LHB Garrett King
|
0-0: Ground out 1-3 (Groundball, 13) Jim Villiers to third
|
Batting: RHB Eric Rowe
|
0-0: Ball 1-0: Ball 2-0: Ground out 6-3 (Groundball, 6) Jim Villiers scores
|
Batting: RHB Ramón Sheppard
|
0-0: Fly out, F3 (Popup, 13)
|
Top of the 2nd over - 1 run(s), 1 hit(s), 0 error(s), 0 left on base; Wake Forest 1 - Iowa 1 |
BOTTOM OF THE 2ND |
Iowa Hawkeyes batting - Pitching for Wake Forest Demon Deacons : RHP Juan Vázquez
|
Batting: RHB Manuel Gómez
|
0-0: Ball 1-0: Swinging Strike 1-1: Foul Ball, location: 2F 1-2: Ball 2-2: Fly out, F8 (Flyball, 8LM)
|
Batting: RHB Tucker Waters
|
0-0: Ball 1-0: Ball 2-0: Foul Ball, location: 2F 2-1: Ball 3-1: Base on Balls
|
Batting: RHB Rusty Anderson
|
0-0: Ball 1-0: Foul Ball, location: 2F 1-1: Foul Ball, location: 2F 1-2: Strikes out looking
|
Batting: RHB Joe Zapata
|
0-0: Called Strike 0-1: Ground out 1-3 (Groundball, 15)
|
Bottom of the 2nd over - 0 run(s), 0 hit(s), 0 error(s), 1 left on base; Wake Forest 1 - Iowa 1 |
TOP OF THE 3RD |
Wake Forest Demon Deacons batting - Pitching for Iowa Hawkeyes : RHP Micheal Wright
|
Batting: LHB Ken Smith
|
0-0: Ball 1-0: Ground out 1-3 (Groundball, 13)
|
Batting: LHB Roberto Félix
|
0-0: Fly out, F8 (Flyball, 8LM)
|
Batting: SHB Terry Dailey
|
0-0: Ball 1-0: Called Strike 1-1: Ball 2-1: Ball 3-1: Base on Balls
|
Batting: RHB Thurman Strahan
|
0-0: Ball Terry Dailey is caught stealing 2nd base
|
Top of the 3rd over - 0 run(s), 0 hit(s), 0 error(s), 0 left on base; Wake Forest 1 - Iowa 1 |
BOTTOM OF THE 3RD |
Iowa Hawkeyes batting - Pitching for Wake Forest Demon Deacons : RHP Juan Vázquez
|
Batting: RHB Cedric Price
|
0-0: DOUBLE (Line Drive, 78S)
|
Batting: LHB Rob Davidson
|
0-0: Ground out 4-3 (Groundball, 34) Cedric Price to third
|
Batting: SHB Júlio Valentín
|
0-0: Called Strike 0-1: Ball 1-1: Fly out, F8 (Flyball, 8LS)
|
Batting: RHB Craig Chapman
|
0-0: Fly out, F7 (Flyball, 7M)
|
Bottom of the 3rd over - 0 run(s), 1 hit(s), 0 error(s), 1 left on base; Wake Forest 1 - Iowa 1 |
TOP OF THE 4TH |
Wake Forest Demon Deacons batting - Pitching for Iowa Hawkeyes : RHP Micheal Wright
|
Batting: RHB Thurman Strahan
|
0-0: Fly out, F8 (Flyball, 8LM)
|
Batting: RHB Jesse McKnight
|
0-0: Called Strike 0-1: DOUBLE (Line Drive, 7LS)
|
Batting: RHB Jim Villiers
|
0-0: Ball 1-0: Ball 2-0: Called Strike 2-1: Foul Ball, location: 2F 2-2: Foul Ball, location: 2F 2-2: Foul Ball, location: 2F 2-2: Ball 3-2: SINGLE (Line Drive, 7LS) Jesse McKnight to third
|
Batting: LHB Garrett King
|
0-0: Called Strike Jim Villiers steals 2nd base 0-1: Foul Ball, location: 2F 0-2: Strikes out looking
|
Batting: RHB Eric Rowe
|
0-0: Foul Ball, location: 2F 0-1: Called Strike 0-2: Ball 1-2: Ground out 4-3 (Groundball, 4)
|
Top of the 4th over - 0 run(s), 2 hit(s), 0 error(s), 2 left on base; Wake Forest 1 - Iowa 1 |
BOTTOM OF THE 4TH |
Iowa Hawkeyes batting - Pitching for Wake Forest Demon Deacons : RHP Juan Vázquez
|
Batting: RHB José Gonzáles
|
0-0: Ball 1-0: Ball 2-0: Foul Ball, location: 2F 2-1: Called Strike 2-2: Ball 3-2: Fly out, F9 (Flyball, 89M)
|
Batting: RHB Manuel Gómez
|
0-0: Called Strike 0-1: Swinging Strike 0-2: Ball 1-2: Ball 2-2: Foul Ball, location: 2F 2-2: Ball 3-2: Foul Ball, location: 2F 3-2: Foul Ball, location: 2F 3-2: Strikes out swinging
|
Batting: RHB Tucker Waters
|
0-0: Ball 1-0: Ball 2-0: Fly out, F7 (Flyball, 78M)
|
Bottom of the 4th over - 0 run(s), 0 hit(s), 0 error(s), 0 left on base; Wake Forest 1 - Iowa 1 |
TOP OF THE 5TH |
Wake Forest Demon Deacons batting - Pitching for Iowa Hawkeyes : RHP Micheal Wright
|
Batting: RHB Ramón Sheppard
|
0-0: Ball 1-0: Ball 2-0: Ball 3-0: Called Strike 3-1: Base on Balls
|
Batting: LHB Ken Smith
|
0-0: Ball 1-0: Called Strike 1-1: Ground out 4-3 (Groundball, 4M) Ramón Sheppard to second
|
Batting: LHB Roberto Félix
|
0-0: Called Strike 0-1: Ball 1-1: Ball 2-1: Foul Ball, location: 2F 2-2: Strikes out swinging
|
Batting: SHB Terry Dailey
|
0-0: Foul Ball, location: 2F 0-1: Ball 1-1: Ball 2-1: Ball 3-1: Base on Balls
|
Batting: RHB Thurman Strahan
|
0-0: SINGLE (Line Drive, 3) Ramón Sheppard to third Terry Dailey to second Runner from 3rd tries for Home, SAFE, no throw or cutoff
|
Batting: RHB Jesse McKnight
|
0-0: Called Strike 0-1: Fly out, F4 (Popup, 34)
|
Top of the 5th over - 1 run(s), 1 hit(s), 0 error(s), 2 left on base; Wake Forest 2 - Iowa 1 |
BOTTOM OF THE 5TH |
Iowa Hawkeyes batting - Pitching for Wake Forest Demon Deacons : RHP Juan Vázquez
|
Batting: RHB Rusty Anderson
|
0-0: Ball 1-0: Ball 2-0: Foul Ball, location: 2F 2-1: Swinging Strike 2-2: Fly out, F8 (Flyball, 8LM)
|
Batting: RHB Joe Zapata
|
0-0: Ball 1-0: Called Strike 1-1: Foul Ball, location: 2F 1-2: Ball 2-2: Strikes out looking
|
Batting: RHB Cedric Price
|
0-0: Ground out 5-3 (Groundball, 5L)
|
Bottom of the 5th over - 0 run(s), 0 hit(s), 0 error(s), 0 left on base; Wake Forest 2 - Iowa 1 |
TOP OF THE 6TH |
Wake Forest Demon Deacons batting - Pitching for Iowa Hawkeyes : RHP Micheal Wright
|
Batting: RHB Jim Villiers
|
0-0: Ball 1-0: Called Strike 1-1: Ball 2-1: Called Strike 2-2: Ground out 6-3 (Groundball, 6M)
|
Batting: LHB Garrett King
|
0-0: Called Strike 0-1: Foul Ball, location: 2F 0-2: Ball 1-2: Ball 2-2: SINGLE (Groundball, 34D)
|
Batting: RHB Eric Rowe
|
0-0: Ball 1-0: Ball 2-0: Foul Ball, location: 2F 2-1: Ball 3-1: Foul Ball, location: 2F 3-2: Foul Ball, location: 2F 3-2: Foul Ball, location: 2F 3-2: Strikes out swinging
|
Pitching: LHP Peter Connolly
|
|
Batting: RHB Ramón Sheppard
|
0-0: Ball 1-0: Called Strike 1-1: Called Strike 1-2: Ball 2-2: SINGLE (Line Drive, 8LS) Garrett King to second
|
Batting: LHB Ken Smith
|
0-0: Swinging Strike 0-1: Foul Ball, location: 2F 0-2: Ball 1-2: Strikes out looking
|
Top of the 6th over - 0 run(s), 2 hit(s), 0 error(s), 2 left on base; Wake Forest 2 - Iowa 1 |
BOTTOM OF THE 6TH |
Iowa Hawkeyes batting - Pitching for Wake Forest Demon Deacons : RHP Juan Vázquez
|
Batting: LHB Rob Davidson
|
0-0: Called Strike 0-1: Swinging Strike 0-2: Ball 1-2: SINGLE (Flyball, 89S)
|
Pitching: RHP Gary Gibson
|
|
Batting: SHB Júlio Valentín
|
0-0: Fly out, F7 (Line Drive, 7M)
|
Batting: RHB Craig Chapman
|
0-0: Ball 1-0: Ball 2-0: Ball 3-0: Called Strike 3-1: Foul Ball, location: 2F 3-2: Fly out, F8 (Flyball, 8LM)
|
Batting: RHB José Gonzáles
|
0-0: Called Strike 0-1: Foul Ball, location: 2F 0-2: Strikes out swinging
|
Bottom of the 6th over - 0 run(s), 1 hit(s), 0 error(s), 1 left on base; Wake Forest 2 - Iowa 1 |
TOP OF THE 7TH |
Wake Forest Demon Deacons batting - Pitching for Iowa Hawkeyes : LHP Peter Connolly
|
Batting: LHB Roberto Félix
|
0-0: Fly out, F5 (Popup, 56D)
|
Batting: SHB Terry Dailey
|
0-0: Ground out 5-3 (Groundball, 56S)
|
Batting: RHB Thurman Strahan
|
0-0: Called Strike 0-1: Ground out 6-3 (Groundball, 6M)
|
Top of the 7th over - 0 run(s), 0 hit(s), 0 error(s), 0 left on base; Wake Forest 2 - Iowa 1 |
BOTTOM OF THE 7TH |
Iowa Hawkeyes batting - Pitching for Wake Forest Demon Deacons : RHP Gary Gibson
|
Batting: RHB Manuel Gómez
|
0-0: Called Strike 0-1: Ball 1-1: Swinging Strike 1-2: Strikes out swinging
|
Batting: RHB Tucker Waters
|
0-0: Swinging Strike 0-1: Called Strike 0-2: SOLO HOME RUN (Line Drive, 89XD), Distance : 370 ft
|
Batting: RHB Rusty Anderson
|
0-0: Foul Ball, location: 2F 0-1: Foul Ball, location: 2F 0-2: Strikes out swinging
|
Batting: RHB Joe Zapata
|
0-0: Called Strike 0-1: Ground out 5-3 (Groundball, 5L)
|
Bottom of the 7th over - 1 run(s), 1 hit(s), 0 error(s), 0 left on base; Wake Forest 2 - Iowa 2 |
TOP OF THE 8TH |
Wake Forest Demon Deacons batting - Pitching for Iowa Hawkeyes : LHP Peter Connolly
|
Batting: RHB Jesse McKnight
|
0-0: Called Strike 0-1: Ball 1-1: Ball 2-1: SOLO HOME RUN (Flyball, 7D), Distance : 355 ft
|
Batting: RHB Jim Villiers
|
0-0: Ball 1-0: Called Strike 1-1: Fly out, F8 (Flyball, 8RM)
|
Batting: LHB Garrett King
|
0-0: Fly out, F7 (Flyball, 7M)
|
Batting: RHB Eric Rowe
|
0-0: Ball 1-0: Ball 2-0: Fly out, F1 (Line Drive, 15S)
|
Top of the 8th over - 1 run(s), 1 hit(s), 0 error(s), 0 left on base; Wake Forest 3 - Iowa 2 |
BOTTOM OF THE 8TH |
Iowa Hawkeyes batting - Pitching for Wake Forest Demon Deacons : RHP Gary Gibson
|
Pitching: RHP Robert Alexander
|
|
Batting: RHB Cedric Price
|
0-0: Swinging Strike 0-1: Ball 1-1: Reaches on Catchers interference
|
Pitching: LHP Gerardo Cortéz
|
|
Batting: LHB Rob Davidson
|
0-0: Foul Ball, location: 2F 0-1: Swinging Strike 0-2: Strikes out swinging
|
Batting: SHB Júlio Valentín
|
0-0: Ball 1-0: Ball 2-0: Called Strike 2-1: Foul Ball, location: 2F 2-2: Strikes out swinging
|
Pitching: RHP Cisco García
|
|
Batting: RHB Craig Chapman
|
0-0: Called Strike 0-1: Swinging Strike 0-2: Ball 1-2: Fielders Choice at 2nd, 6-4 (Groundball, 56)
|
Bottom of the 8th over - 0 run(s), 0 hit(s), 1 error(s), 0 left on base; Wake Forest 3 - Iowa 2 |
TOP OF THE 9TH |
Wake Forest Demon Deacons batting - Pitching for Iowa Hawkeyes : LHP Peter Connolly
|
Batting: RHB Ramón Sheppard
|
0-0: Ball 1-0: SINGLE (Groundball, 6MD)
|
Pinch Hitting: RHB Ronald Spencer
|
0-0: Called Strike 0-1: Sac Bunt - play at first, batter OUT! 1-4 Ramón Sheppard to second
|
Batting: LHB Roberto Félix
|
0-0: Ball 1-0: Called Strike 1-1: Foul Ball, location: 2F 1-2: Foul Ball, location: 2F 1-2: Strikes out swinging
|
Batting: SHB Terry Dailey
|
0-0: Ball 1-0: Foul Ball, location: 2F 1-1: SINGLE (Line Drive, 56) Ramón Sheppard to third Runner from 3rd tries for Home, SAFE, no throw or cutoff
|
Batting: RHB Thurman Strahan
|
0-0: Ball 1-0: Ground out U3 (Groundball, 3S)
|
Top of the 9th over - 1 run(s), 2 hit(s), 0 error(s), 1 left on base; Wake Forest 4 - Iowa 2 |
BOTTOM OF THE 9TH |
Iowa Hawkeyes batting - Pitching for Wake Forest Demon Deacons : RHP Cisco García
|
Pitching: LHP Marc Young
|
|
Now at 2B: Guillermo Leal
|
|
Now in LF: Tom Watkins
|
|
Batting: RHB José Gonzáles
|
0-0: Called Strike 0-1: Foul Ball, location: 2F 0-2: Strikes out swinging
|
Batting: RHB Manuel Gómez
|
0-0: SOLO HOME RUN (Line Drive, 7D), Distance : 359 ft
|
Batting: RHB Tucker Waters
|
0-0: Ball 1-0: Ball 2-0: Ball 3-0: Called Strike 3-1: Fly out, F3 (Popup, 3SF)
|
Batting: RHB Rusty Anderson
|
0-0: Ball 1-0: SINGLE (Groundball, 5D)
|
Batting: RHB Joe Zapata
|
0-0: Swinging Strike 0-1: Ball 1-1: Ball 2-1: Foul Ball, location: 2F 2-2: Strikes out swinging
|
Bottom of the 9th over - 1 run(s), 2 hit(s), 0 error(s), 1 left on base; Wake Forest 4 - Iowa 3 |
|